New Jersey Devils vs Los Angeles Kings

Created - jeudi 6 décembre 2018 at 19:00

Goals
1 2 3 T
New Jersey Devils 0 0 0 0
Los Angeles Kings 0 0 3 3
Shots
1 2 3 T
New Jersey Devils 10 5 5 20
Los Angeles Kings 4 8 19 31

1st period

No Goal

Penalties :
Dustin Brown (LAK) for Roughing (Minor) at 12:07

2nd period

No Goal

Penalties :
Marian Gaborik (LAK) for Hooking (Minor) at 2:55, Steven Santini (NJD) for Tripping (Minor) at 10:35

3rd period

1. Los Angeles Kings , Dustin Brown 12 (Anze Kopitar 17, Jake Muzzin 10) at 5:58
2. Los Angeles Kings , Adrian Kempe 4 (Alec Martinez 5, Trevor Lewis 3) at 11:44
3. Los Angeles Kings , Trevor Lewis 8 (Drew Doughty 23, Jake Muzzin 11) at 19:30

Penalties :
No Penalty

Goalie Stats

Cory Schneider (NJD), 28 saves from 31 shots - (0.903), L, 11-11-1, 60:00 minutes
Jonathan Quick (LAK), 20 saves from 20 shots - (1.000), W, 18-8-3, 60:00 minutes

Players Stats for New Jersey Devils

Player Name              G  A  P  +/- PIM S  H  SB GA TA FO     MP     PP MP  PK MP  
------------------------------------------------------------------------------------
Adam Henrique            0  0  0  -1  0   4  2  1  1  0  10/16  22:18   0:34   0:24 
Andrej Sekera            0  0  0   0  0   0  0  0  0  0  0/0     2:40   0:31   1:04 
Andy Greene              0  0  0  -2  0   0  0  0  0  1  0/0    20:54   1:31   1:04 
Ben Lovejoy              0  0  0   0  0   2  1  1  0  2  0/0    18:06   0:00   0:10 
Benoit Pouliot           0  0  0  -1  0   1  0  3  0  0  0/0    17:19   0:39   0:43 
Blake Coleman            0  0  0  -1  0   1  1  2  1  0  7/15   17:10   0:27   0:53 
Brian Boyle              0  0  0   0  0   0  3  1  0  0  3/6    13:41   1:56   0:14 
Brian Gibbons            0  0  0  -1  0   3  3  1  1  0  1/2    17:36   1:56   0:53 
Damon Severson           0  0  0   0  0   1  3  0  1  0  0/0    18:06   0:00   0:10 
Jesper Bratt             0  0  0  -1  0   2  2  1  1  0  0/0    15:07   1:32   0:00 
John Moore               0  0  0  -1  0   0  1  1  0  0  0/0    17:34   0:00   0:45 
Kyle Palmieri            0  0  0  -1  0   3  3  2  2  0  0/1    18:23   1:59   0:16 
Marcus Johansson         0  0  0   0  0   0  1  0  0  0  0/0    10:13   0:00   0:00 
Miles Wood               0  0  0  -1  0   0  2  1  0  0  0/1    15:03   1:32   0:00 
Nico Hischier            0  0  0  -1  0   1  2  0  1  0  2/7    14:58   1:28   0:00 
Rick Nash                0  0  0  -1  0   1  2  0  0  0  0/1    18:07   1:47   0:35 
Ryan Pulock              0  0  0  -1  0   1  0  2  2  0  0/0    20:11   2:02   0:45 
Steven Santini           0  0  0  -2  2   0  3  2  1  2  0/0    20:34   1:56   0:00 

Players Stats for Los Angeles Kings

Player Name              G  A  P  +/- PIM S  H  SB GA TA FO     MP     PP MP  PK MP  
------------------------------------------------------------------------------------
Adrian Kempe             1  0  1   2  0   2  1  0  0  0  1/7    15:13   0:22   1:50 
Alec Martinez            0  1  1   2  0   0  0  0  1  2  0/0    21:09   0:40   1:51 
Andy Andreoff            0  0  0   2  0   1  4  0  0  0  0/0    13:59   0:20   0:27 
Anze Kopitar             0  1  1   1  0   6  0  0  0  0  11/21  18:44   0:58   0:00 
Drew Doughty             0  1  1   1  0   3  4  1  0  0  0/0    23:37   1:19   1:51 
Dustin Brown             1  0  1   1  2   3  1  0  1  0  0/1    18:32   1:00   0:00 
Gustav Forsling          0  0  0   0  0   2  0  0  0  1  0/0    16:34   0:00   2:07 
Jake Muzzin              0  2  2   1  0   1  1  0  0  0  0/0    21:25   1:19   0:00 
Jeff Carter              0  0  0   0  0   5  0  0  0  0  7/10   15:02   1:00   0:00 
Jonny Brodzinski         0  0  0   0  0   0  2  0  0  0  0/0    11:33   0:00   1:41 
Kurtis MacDermid         0  0  0   0  0   0  5  0  0  1  0/0    17:39   0:40   2:07 
Kyle Clifford            0  0  0   0  0   1  4  0  1  0  0/0    10:31   0:21   0:27 
Marian Gaborik           0  0  0   0  2   0  0  0  1  0  0/1    14:39   0:37   0:00 
Nick Shore               0  0  0   0  0   2  0  1  0  2  5/6    12:18   0:57   1:41 
Oscar Fantenberg         0  0  0   2  0   0  1  0  1  0  0/0    18:36   0:00   0:00 
Tanner Pearson           0  0  0   0  0   1  2  0  0  1  1/1    14:05   0:00   0:00 
Trevor Lewis             1  1  2   2  0   2  2  0  0  1  1/1    15:11   0:22   1:50 
Tyler Toffoli            0  0  0   1  0   2  0  0  0  3  0/1    17:13   0:00   0:00 

3 Stars

1 - Jonathan Quick (LAK)
2 - Trevor Lewis (LAK)
3 - Adrian Kempe (LAK)

Power Play

New Jersey Devils - 0 on 2 Attempt(s) - 0.00%
Los Angeles Kings - 0 on 1 Attempt(s) - 0.00%

Penalty Kill

New Jersey Devils - 1 on 1 Attempt(s) - 100.00% - Score 0 goal in Penalty Kill
Los Angeles Kings - 2 on 2 Attempt(s) - 100.00% - Score 0 goal in Penalty Kill

Team Stat

New Jersey Devils - Hits : 29 - Faceoff Wins : 23 - Blocked Shots : 18 - Penalty Minutes : 2
Los Angeles Kings - Hits : 27 - Faceoff Wins : 26 - Blocked Shots : 2 - Penalty Minutes : 4

Official

Referees : Jake Brenk and Dave Jackson
Linesman : Jonny Murray and Steve Barton

Game Notes

No Game Note

Finance

Level 1 -- Attendance: 10300 (100.00%) -- Ticket Income fr. 824'000
Level 2 -- Attendance: 1773 (84.43%) -- Ticket Income fr. 115'245
Level 3 -- Attendance: 2801 (77.81%) -- Ticket Income fr. 98'035
Level 4 -- Attendance: 1450 (100.00%) -- Ticket Income fr. 29'000
Luxury Box -- Attendance: 47 (94.00%) -- Ticket Income fr. 9'400
Game was played at the Staples Center.
Total Attendance: 16371 (93.55%)
Total Ticket Income: fr. 1'075'680
Total Income: fr. 1'075'680

New Jersey Devils

5 vs 5 Forward 
   Center                   Left Wing                Right Wing               Time % Phy DF OF 
 1 Adam Henrique            Rick Nash                Brian Gibbons            29     0   2  3  
 2 Blake Coleman            Benoit Pouliot           Kyle Palmieri            28     0   3  2  
 3 Nico Hischier            Miles Wood               Jesper Bratt             23     0   1  4  
 4 Brian Boyle              Adam Henrique            Marcus Johansson         20     0   2  3  

5 vs 5 Defense 
   Defense                  Defense                                           Time % Phy DF OF 
 1 Andy Greene              Steven Santini                                    36     0   4  1  
 2 John Moore               Ryan Pulock                                       32     0   2  3  
 3 Ben Lovejoy              Damon Severson                                    32     0   3  2  
 4 Andy Greene              Steven Santini                                    0      1   2  2  

PowerPlay Forward 
   Center                   Left Wing                Right Wing               Time % Phy DF OF 
 1 Nico Hischier            Rick Nash                Kyle Palmieri            61     0   0  5  
 2 Brian Gibbons            Jesper Bratt             Miles Wood               39     0   0  5  

PowerPlay Defense
   Defense                  Defense                                           Time % Phy DF OF 
 1 Andy Greene              Ryan Pulock                                       61     0   0  5  
 2 Brian Boyle              Steven Santini                                    39     0   0  5  

Penalty Kill 4 Players Forward 
   Center                   Wing                     Time % Phy DF OF 
 1 Brian Gibbons            Blake Coleman            60     0   5  0  
 2 Rick Nash                Kyle Palmieri            40     0   5  0  

Penalty Kill 4 Players Defense
   Defense                  Defense                  Time % Phy DF OF 
 1 Steven Santini           Andy Greene              60     0   5  0  
 2 John Moore               Ryan Pulock              40     0   5  0  

Penalty Kill - 3 Players Forward 
   Forward                                           Time % Phy DF OF 
 1 Brian Gibbons                                     60     0   5  0  
 2 Blake Coleman                                     40     0   5  0  

Penalty Kill - 3 Players Defense
   Defense                  Defense                  Time % Phy DF OF 
 1 Steven Santini           Andy Greene              60     0   5  0  
 2 Ryan Pulock              John Moore               40     0   5  0  

4 vs 4 Forward 
   Center                   Wing                     Time % Phy DF OF 
 1 Rick Nash                Adam Henrique            50     0   2  3  
 2 Brian Gibbons            Kyle Palmieri            50     0   2  3  

4 vs 4 Defense
   Defense                  Defense                  Time % Phy DF OF 
 1 Andy Greene              Steven Santini           60     0   3  2  
 2 Ryan Pulock              John Moore               40     0   2  3  

Last Minutes Offensive
   Center                   Left Wing                Right Wing               Defense                  Defense                  
   Adam Henrique            Rick Nash                Kyle Palmieri            Ryan Pulock              Ben Lovejoy              

Last Minutes Defensive
   Center                   Left Wing                Right Wing               Defense                  Defense                  
   Adam Henrique            Brian Gibbons            Blake Coleman            Andy Greene              Steven Santini           

Goaltenders
Starting : Cory Schneider           
Backup : Keith Kinkaid            

Extra Forwards
Normal : Brian Gibbons, Rick Nash, Kyle Palmieri - PP : Kyle Palmieri, Rick Nash - PK : Rick Nash
Extra Defensemen
Normal : Steven Santini, Andy Greene, Ryan Pulock - PP : Steven Santini - PK : Steven Santini, Andy Greene
Penalty Shots
Rick Nash, Kyle Palmieri, Blake Coleman, Brian Boyle, Nico Hischier
Custom OT Lines Forwards
Adam Henrique, Rick Nash, Kyle Palmieri, Brian Gibbons, Nico Hischier, Jesper Bratt, Blake Coleman, Marcus Johansson, Brian Boyle, Miles Wood
Custom OT Lines Defensemen
Ryan Pulock, Andy Greene, Steven Santini, John Moore, Ben Lovejoy

Scratches
Joakim Nordstrom (Healthy), Joshua Ho-Sang (Healthy), Samuel Girard (Healthy)

Los Angeles Kings

5 vs 5 Forward 
   Center                   Left Wing                Right Wing               Time % Phy DF OF 
 1 Anze Kopitar             Dustin Brown             Tyler Toffoli            33     0   1  4  
 2 Jeff Carter              Tanner Pearson           Marian Gaborik           28     0   1  4  
 3 Adrian Kempe             Andy Andreoff            Trevor Lewis             24     0   2  3  
 4 Nick Shore               Kyle Clifford            Jonny Brodzinski         15     1   2  2  

5 vs 5 Defense 
   Defense                  Defense                                           Time % Phy DF OF 
 1 Drew Doughty             Jake Muzzin                                       40     0   1  4  
 2 Alec Martinez            Oscar Fantenberg                                  35     0   2  3  
 3 Kurtis MacDermid         Gustav Forsling                                   25     0   2  3  
 4 Kurtis MacDermid         Gustav Forsling                                   0      1   2  2  

PowerPlay Forward 
   Center                   Left Wing                Right Wing               Time % Phy DF OF 
 1 Anze Kopitar             Trevor Lewis             Adrian Kempe             50     0   1  4  
 2 Jeff Carter              Nick Shore               Dustin Brown             50     0   1  4  

PowerPlay Defense
   Defense                  Defense                                           Time % Phy DF OF 
 1 Drew Doughty             Jake Muzzin                                       50     0   1  4  
 2 Kurtis MacDermid         Alec Martinez                                     50     0   1  4  

Penalty Kill 4 Players Forward 
   Center                   Wing                     Time % Phy DF OF 
 1 Adrian Kempe             Trevor Lewis             50     0   3  2  
 2 Nick Shore               Jonny Brodzinski         50     0   3  2  

Penalty Kill 4 Players Defense
   Defense                  Defense                  Time % Phy DF OF 
 1 Gustav Forsling          Kurtis MacDermid         50     0   3  2  
 2 Alec Martinez            Drew Doughty             50     0   3  2  

Penalty Kill - 3 Players Forward 
   Forward                                           Time % Phy DF OF 
 1 Trevor Lewis                                      50     0   4  1  
 2 Nick Shore                                        50     0   4  1  

Penalty Kill - 3 Players Defense
   Defense                  Defense                  Time % Phy DF OF 
 1 Alec Martinez            Drew Doughty             50     0   4  1  
 2 Kurtis MacDermid         Gustav Forsling          50     0   4  1  

4 vs 4 Forward 
   Center                   Wing                     Time % Phy DF OF 
 1 Adrian Kempe             Anze Kopitar             50     0   2  3  
 2 Nick Shore               Trevor Lewis             50     0   2  3  

4 vs 4 Defense
   Defense                  Defense                  Time % Phy DF OF 
 1 Drew Doughty             Alec Martinez            50     0   2  3  
 2 Kurtis MacDermid         Gustav Forsling          50     0   2  3  

Last Minutes Offensive
   Center                   Left Wing                Right Wing               Defense                  Defense                  
   Anze Kopitar             Dustin Brown             Trevor Lewis             Alec Martinez            Drew Doughty             

Last Minutes Defensive
   Center                   Left Wing                Right Wing               Defense                  Defense                  
   Adrian Kempe             Dustin Brown             Tyler Toffoli            Oscar Fantenberg         Kurtis MacDermid         

Goaltenders
Starting : Jonathan Quick           
Backup : Steve Mason              

Extra Forwards
Normal : Jeff Carter, Trevor Lewis, Adrian Kempe - PP : Nick Shore, Adrian Kempe - PK : Kyle Clifford
Extra Defensemen
Normal : Alec Martinez, Drew Doughty, Jake Muzzin - PP : Alec Martinez - PK : Kurtis MacDermid, Gustav Forsling
Penalty Shots
Anze Kopitar, Trevor Lewis, Adrian Kempe, Jeff Carter, Drew Doughty
Custom OT Lines Forwards
Anze Kopitar, Dustin Brown, Tyler Toffoli, Kyle Clifford, Jeff Carter, Jonny Brodzinski, Tanner Pearson, Adrian Kempe, Trevor Lewis, Nick Shore
Custom OT Lines Defensemen
Drew Doughty, Jake Muzzin, Kurtis MacDermid, Alec Martinez, Gustav Forsling

Scratches
Derek Dorsett (Upper Body Injury), Andreas Englund (Healthy), Andrew Crescenzi (Healthy)

% Time on Ice - New Jersey Devils

Lines # - Real PCT - Wanted PCT - Time Play
Normal Forward
1 - 28% - 29% - 14:55
2 - 29% - 28% - 15:26
3 - 25% - 23% - 13:29
4 - 19% - 20% - 10:13
Normal Defense
1 - 35% - 36% - 18:59
2 - 32% - 32% - 17:11
3 - 32% - 32% - 17:26
4 - 1% - 0% - 0:27
PP Forward
1 - 51% - 61% - 2:02
2 - 49% - 39% - 1:56
PP Defense
1 - 51% - 61% - 2:02
2 - 49% - 39% - 1:56
PK Forward
1 - 87% - 60% - 1:43
2 - 13% - 40% - 0:16
PK Defense
1 - 62% - 60% - 1:14
2 - 38% - 40% - 0:45
PK3 Forward
1 - 0% - 60%
2 - 0% - 40%
PK3 Defense
1 - 0% - 60%
2 - 0% - 40%
44 Forward
1 - 0% - 50%
2 - 0% - 50%
44 Defense
1 - 0% - 60%
2 - 0% - 40%
Last Minute Offensive  - 0:00
Last Minute Defensive  - 0:00
Total
Forward - 60:00
Defense - 60:00

% Time on Ice - Los Angeles Kings

Lines # - Real PCT - Wanted PCT - Time Play
Normal Forward
1 - 32% - 33% - 17:16
2 - 27% - 28% - 14:22
3 - 24% - 24% - 12:50
4 - 18% - 15% - 9:35
Normal Defense
1 - 40% - 40% - 21:24
2 - 34% - 35% - 18:36
3 - 25% - 25% - 13:30
4 - 1% - 0% - 0:33
PP Forward
1 - 50% - 50% - 0:59
2 - 50% - 50% - 1:00
PP Defense
1 - 66% - 50% - 1:19
2 - 34% - 50% - 0:40
PK Forward
1 - 53% - 50% - 2:05
2 - 47% - 50% - 1:53
PK Defense
1 - 53% - 50% - 2:07
2 - 47% - 50% - 1:51
PK3 Forward
1 - 0% - 50%
2 - 0% - 50%
PK3 Defense
1 - 0% - 50%
2 - 0% - 50%
44 Forward
1 - 0% - 50%
2 - 0% - 50%
44 Defense
1 - 0% - 50%
2 - 0% - 50%
Last Minute Offensive  - 0:00
Last Minute Defensive  - 0:00
Total
Forward - 60:00
Defense - 60:00

Play-by-Play

1st period


0:01 of 1st period - Anze Kopitar wins face-off versus Adam Henrique in neutral zone.
0:16 of 1st period - Wrist shot by Dustin Brown.
0:16 of 1st period - Stopped by Cory Schneider without a rebound.
0:17 of 1st period - Tanner Pearson wins face-off versus Blake Coleman in New Jersey Devils zone.
0:41 of 1st period - Alec Martinez is hit by Jesper Bratt.
1:13 of 1st period - Snap shot by Kyle Clifford.
1:13 of 1st period - Stopped by Cory Schneider without a rebound.
1:14 of 1st period - Anze Kopitar wins face-off versus Blake Coleman in New Jersey Devils zone.
1:27 of 1st period - Wrist shot by Kyle Palmieri.
1:27 of 1st period - Stopped by Jonathan Quick with a rebound.
1:29 of 1st period - Wrist shot by Blake Coleman.
1:29 of 1st period - Stopped by Jonathan Quick with a rebound.
2:02 of 1st period - Snap shot by Jesper Bratt.
2:02 of 1st period - Deflect By Miles Wood.
2:02 of 1st period - Shot Misses the Net.
2:02 of 1st period - Puck is out of play.
2:03 of 1st period - Nick Shore wins face-off versus Miles Wood in Los Angeles Kings zone.
2:03 of 1st period - Nick Shore is hit by Miles Wood.
4:23 of 1st period - Snap shot by Brian Gibbons.
4:23 of 1st period - Shot Misses the Net.
4:45 of 1st period - Snap shot by Kyle Clifford.
4:45 of 1st period - Deflect By Jonny Brodzinski.
4:45 of 1st period - Shot Misses the Net.
4:45 of 1st period - Puck is out of play.
4:46 of 1st period - Blake Coleman wins face-off versus Anze Kopitar in New Jersey Devils zone.
4:53 of 1st period - Slapshot by Kyle Palmieri.
4:53 of 1st period - Shot Blocked by Drew Doughty.
5:16 of 1st period - Wrist shot by Adam Henrique.
5:16 of 1st period - Stopped by Jonathan Quick with a rebound.
5:18 of 1st period - Slapshot by Brian Gibbons.
5:18 of 1st period - Stopped by Jonathan Quick without a rebound.
5:19 of 1st period - Brian Boyle wins face-off versus Marian Gaborik in Los Angeles Kings zone.
5:26 of 1st period - Slapshot by Adam Henrique.
5:26 of 1st period - Shot Misses the Net.
5:28 of 1st period - Slapshot by Ben Lovejoy.
5:28 of 1st period - Stopped by Jonathan Quick without a rebound.
5:29 of 1st period - Jeff Carter wins face-off versus Brian Boyle in Los Angeles Kings zone.
5:32 of 1st period - Slapshot by Adam Henrique.
5:32 of 1st period - Shot Misses the Net.
5:34 of 1st period - Snap shot by Damon Severson.
5:34 of 1st period - Stopped by Jonathan Quick with a rebound.
5:36 of 1st period - Slapshot by Adam Henrique.
5:36 of 1st period - Stopped by Jonathan Quick without a rebound.
5:37 of 1st period - Anze Kopitar wins face-off versus Adam Henrique in Los Angeles Kings zone.
6:23 of 1st period - Drew Doughty is hit by Brian Gibbons and loses puck.
7:01 of 1st period - Wrist shot by Brian Gibbons.
7:01 of 1st period - Stopped by Jonathan Quick without a rebound.
7:02 of 1st period - Blake Coleman wins face-off versus Adrian Kempe in Los Angeles Kings zone.
7:09 of 1st period - Wrist shot by Kyle Palmieri.
7:09 of 1st period - Stopped by Jonathan Quick without a rebound.
7:10 of 1st period - Blake Coleman wins face-off versus Adrian Kempe in Los Angeles Kings zone.
8:10 of 1st period - Nico Hischier is hit by Kurtis MacDermid and loses puck.
8:33 of 1st period - Anze Kopitar is hit by Brian Boyle and loses puck.
8:56 of 1st period - Benoit Pouliot is hit by Kurtis MacDermid and loses puck.
9:34 of 1st period - Brian Boyle is hit by Andy Andreoff and loses puck.
9:52 of 1st period - Blake Coleman is hit by Jonny Brodzinski and loses puck.
10:36 of 1st period - Andy Greene is hit by Kurtis MacDermid and loses puck.
11:16 of 1st period - Slapshot by Drew Doughty.
11:16 of 1st period - Shot Blocked by John Moore.
11:18 of 1st period - Snap shot by Andy Andreoff.
11:18 of 1st period - Shot Blocked by Benoit Pouliot.
11:20 of 1st period - Slapshot by Jake Muzzin.
11:20 of 1st period - Shot Blocked by Blake Coleman.
12:07 of 1st period - Minor Penalty to Dustin Brown for Roughing.
12:08 of 1st period - Brian Gibbons wins face-off versus Adrian Kempe in Los Angeles Kings zone.
13:11 of 1st period - Kurtis MacDermid is hit by Steven Santini and loses puck.
14:07 of 1st period - Penalty to Dustin Brown is over, Dustin Brown is back on ice.
14:31 of 1st period - Snap shot by Jeff Carter.
14:31 of 1st period - Stopped by Cory Schneider without a rebound.
14:32 of 1st period - Jeff Carter wins face-off versus Blake Coleman in New Jersey Devils zone.
14:33 of 1st period - Wrist shot by Tanner Pearson.
14:33 of 1st period - Shot Misses the Net.
14:43 of 1st period - Adam Henrique is hit by Tanner Pearson and loses puck.
14:56 of 1st period - Drew Doughty is hit by Damon Severson and loses puck.
15:05 of 1st period - Wrist shot by Anze Kopitar.
15:05 of 1st period - Shot Blocked by Miles Wood.
15:37 of 1st period - Marian Gaborik is hit by Adam Henrique and loses puck.
15:48 of 1st period - Oscar Fantenberg is hit by Nico Hischier and loses puck.
16:07 of 1st period - Wrist shot by Dustin Brown.
16:07 of 1st period - Shot Misses the Net.
16:16 of 1st period - Icing by Alec Martinez.
16:17 of 1st period - Adam Henrique wins face-off versus Nick Shore in Los Angeles Kings zone.
16:28 of 1st period - Wrist shot by Adam Henrique.
16:28 of 1st period - Deflect By Brian Gibbons.
16:28 of 1st period - Shot Blocked by Nick Shore.
16:28 of 1st period - Puck is out of play.
16:29 of 1st period - Nico Hischier wins face-off versus Anze Kopitar in Los Angeles Kings zone.
16:54 of 1st period - Andy Andreoff is hit by Rick Nash and loses puck.
17:20 of 1st period - Andy Greene is hit by Kyle Clifford and loses puck.
18:35 of 1st period - Kurtis MacDermid is hit by John Moore and loses puck.
19:11 of 1st period - Off-side.
19:12 of 1st period - Anze Kopitar wins face-off versus Nico Hischier in neutral zone.
19:27 of 1st period - Wrist shot by Jesper Bratt.
19:27 of 1st period - Deflect By Anze Kopitar.
19:27 of 1st period - Stopped by Jonathan Quick with a rebound.
19:56 of 1st period - Wrist shot by Jeff Carter.
19:56 of 1st period - Stopped by Cory Schneider with a rebound.
Goals for this period are 0 for New Jersey Devils vs 0 for Los Angeles Kings.
Shots for this period are 10 for New Jersey Devils vs 4 for Los Angeles Kings.

2nd period


0:01 of 2nd period - Adam Henrique wins face-off versus Anze Kopitar in neutral zone.
0:04 of 2nd period - Wrist shot by Brian Gibbons.
0:04 of 2nd period - Stopped by Jonathan Quick with a rebound.
0:26 of 2nd period - Andy Greene is hit by Andy Andreoff and loses puck.
0:42 of 2nd period - Icing by Trevor Lewis.
0:43 of 2nd period - Trevor Lewis wins face-off versus Nico Hischier in Los Angeles Kings zone.
1:08 of 2nd period - Ben Lovejoy is hit by Drew Doughty and loses puck.
1:13 of 2nd period - Slapshot by Drew Doughty.
1:13 of 2nd period - Stopped by Cory Schneider without a rebound.
1:14 of 2nd period - Nick Shore wins face-off versus Adam Henrique in New Jersey Devils zone.
1:17 of 2nd period - Wrist shot by Nick Shore.
1:17 of 2nd period - Shot Misses the Net.
1:19 of 2nd period - Slapshot by Jake Muzzin.
1:19 of 2nd period - Stopped by Cory Schneider with a rebound.
1:21 of 2nd period - Slapshot by Jake Muzzin.
1:21 of 2nd period - Shot Misses the Net.
1:41 of 2nd period - Off-side.
1:42 of 2nd period - Anze Kopitar wins face-off versus Blake Coleman in neutral zone.
2:17 of 2nd period - Snap shot by Alec Martinez.
2:17 of 2nd period - Shot Blocked by Jesper Bratt.
2:29 of 2nd period - Steven Santini is hit by Kyle Clifford and loses puck.
2:55 of 2nd period - Minor Penalty to Marian Gaborik for Hooking.
2:56 of 2nd period - Nick Shore wins face-off versus Nico Hischier in Los Angeles Kings zone.
3:03 of 2nd period - Wrist shot by Nico Hischier.
3:03 of 2nd period - Stopped by Jonathan Quick with a rebound.
3:23 of 2nd period - Rick Nash is hit by Kurtis MacDermid and loses puck.
4:14 of 2nd period - Drew Doughty is hit by Kyle Palmieri and loses puck.
4:55 of 2nd period - Penalty to Marian Gaborik is over, Marian Gaborik is back on ice.
5:00 of 2nd period - Icing by Andrej Sekera.
5:01 of 2nd period - Brian Boyle wins face-off versus Anze Kopitar in New Jersey Devils zone.
5:12 of 2nd period - Marcus Johansson is hit by Drew Doughty and loses puck.
5:31 of 2nd period - Slapshot by Jeff Carter.
5:31 of 2nd period - Stopped by Cory Schneider without a rebound.
5:32 of 2nd period - Jeff Carter wins face-off versus Blake Coleman in New Jersey Devils zone.
5:32 of 2nd period - Jeff Carter is hit by Ben Lovejoy.
5:38 of 2nd period - Snap shot by Tanner Pearson.
5:38 of 2nd period - Shot Misses the Net.
5:57 of 2nd period - Kyle Palmieri is hit by Dustin Brown and loses puck.
6:25 of 2nd period - Andy Andreoff is hit by Kyle Palmieri and loses puck.
6:30 of 2nd period - Wrist shot by Kyle Palmieri.
6:30 of 2nd period - Shot Misses the Net.
6:32 of 2nd period - Snap shot by Benoit Pouliot.
6:32 of 2nd period - Stopped by Jonathan Quick with a rebound.
6:34 of 2nd period - Slapshot by Ryan Pulock.
6:34 of 2nd period - Stopped by Jonathan Quick with a rebound.
6:48 of 2nd period - Trevor Lewis is hit by Blake Coleman.
6:54 of 2nd period - Wrist shot by Trevor Lewis.
6:54 of 2nd period - Stopped by Cory Schneider without a rebound.
6:55 of 2nd period - Adam Henrique wins face-off versus Anze Kopitar in New Jersey Devils zone.
7:23 of 2nd period - Slapshot by Gustav Forsling.
7:23 of 2nd period - Deflect By Nick Shore.
7:23 of 2nd period - Stopped by Cory Schneider without a rebound.
7:24 of 2nd period - Nick Shore wins face-off versus Nico Hischier in New Jersey Devils zone.
7:31 of 2nd period - Wrist shot by Nick Shore.
7:31 of 2nd period - Stopped by Cory Schneider without a rebound.
7:32 of 2nd period - Anze Kopitar wins face-off versus Rick Nash in New Jersey Devils zone.
8:17 of 2nd period - Slapshot by Drew Doughty.
8:17 of 2nd period - Shot Misses the Net.
8:19 of 2nd period - Wrist shot by Adrian Kempe.
8:19 of 2nd period - Deflect By Trevor Lewis.
8:19 of 2nd period - Shot Blocked by Brian Boyle.
8:19 of 2nd period - Puck is out of play.
8:20 of 2nd period - Brian Boyle wins face-off versus Adrian Kempe in New Jersey Devils zone.
8:20 of 2nd period - Brian Boyle is hit by Andy Andreoff.
8:28 of 2nd period - Snap shot by Adam Henrique.
8:28 of 2nd period - Stopped by Jonathan Quick with a rebound.
8:42 of 2nd period - Ryan Pulock is hit by Andy Andreoff and loses puck.
9:07 of 2nd period - Wrist shot by Adrian Kempe.
9:07 of 2nd period - Shot Misses the Net.
9:09 of 2nd period - Snap shot by Adrian Kempe.
9:09 of 2nd period - Shot Misses the Net.
9:17 of 2nd period - Snap shot by Adrian Kempe.
9:17 of 2nd period - Stopped by Cory Schneider with a rebound.
9:53 of 2nd period - Wrist shot by Andy Andreoff.
9:53 of 2nd period - Stopped by Cory Schneider without a rebound.
9:54 of 2nd period - Blake Coleman wins face-off versus Tyler Toffoli in New Jersey Devils zone.
10:35 of 2nd period - Minor Penalty to Steven Santini for Tripping.
10:36 of 2nd period - Jeff Carter wins face-off versus Brian Gibbons in New Jersey Devils zone.
11:18 of 2nd period - Rick Nash is hit by Trevor Lewis and loses puck.
12:07 of 2nd period - Ryan Pulock is hit by Kyle Clifford and loses puck.
12:35 of 2nd period - Penalty to Steven Santini is over, Steven Santini is back on ice.
13:29 of 2nd period - Kyle Clifford is hit by Steven Santini and loses puck.
14:42 of 2nd period - Adrian Kempe is hit by Marcus Johansson and loses puck.
15:35 of 2nd period - Drew Doughty is hit by Steven Santini.
16:13 of 2nd period - Jesper Bratt is hit by Jonny Brodzinski.
19:21 of 2nd period - Ryan Pulock is hit by Adrian Kempe and loses puck.
Goals for this period are 0 for New Jersey Devils vs 0 for Los Angeles Kings.
Shots for this period are 5 for New Jersey Devils vs 8 for Los Angeles Kings.

3rd period


0:01 of 3rd period - Adam Henrique wins face-off versus Anze Kopitar in neutral zone.
0:05 of 3rd period - Icing by Jake Muzzin.
0:06 of 3rd period - Adam Henrique wins face-off versus Dustin Brown in Los Angeles Kings zone.
0:15 of 3rd period - Slapshot by Adam Henrique.
0:15 of 3rd period - Deflect By Rick Nash.
0:15 of 3rd period - Stopped by Jonathan Quick without a rebound.
0:16 of 3rd period - Adam Henrique wins face-off versus Anze Kopitar in Los Angeles Kings zone.
0:21 of 3rd period - Snap shot by Adam Henrique.
0:21 of 3rd period - Stopped by Jonathan Quick without a rebound.
0:22 of 3rd period - Anze Kopitar wins face-off versus Adam Henrique in Los Angeles Kings zone.
0:52 of 3rd period - Snap shot by Jeff Carter.
0:52 of 3rd period - Stopped by Cory Schneider without a rebound.
0:53 of 3rd period - Adam Henrique wins face-off versus Jeff Carter in New Jersey Devils zone.
1:41 of 3rd period - Andy Greene is hit by Trevor Lewis and loses puck.
2:29 of 3rd period - Andy Andreoff is hit by Damon Severson and loses puck.
2:46 of 3rd period - Gustav Forsling is hit by Miles Wood and loses puck.
2:59 of 3rd period - Marian Gaborik is hit by Adam Henrique and loses puck.
3:12 of 3rd period - Slapshot by Alec Martinez.
3:12 of 3rd period - Shot Misses the Net.
3:37 of 3rd period - Damon Severson is hit by Drew Doughty and loses puck.
4:58 of 3rd period - Miles Wood is hit by Tanner Pearson and loses puck.
5:17 of 3rd period - Slapshot by Drew Doughty.
5:17 of 3rd period - Stopped by Cory Schneider without a rebound.
5:18 of 3rd period - Anze Kopitar wins face-off versus Brian Boyle in New Jersey Devils zone.
5:35 of 3rd period - Dustin Brown is hit by Kyle Palmieri.
5:51 of 3rd period - Nico Hischier is hit by Drew Doughty and loses puck.
5:56 of 3rd period - Snap shot by Anze Kopitar.
5:56 of 3rd period - Stopped by Cory Schneider with a rebound.
5:58 of 3rd period - Wrist shot by Dustin Brown.
5:58 of 3rd period - Goal by Dustin Brown - New Jersey Devils : 0 - Los Angeles Kings : 1.
5:59 of 3rd period - Adam Henrique wins face-off versus Jeff Carter in neutral zone.
6:26 of 3rd period - Icing by Andy Andreoff.
6:27 of 3rd period - Adrian Kempe wins face-off versus Blake Coleman in Los Angeles Kings zone.
6:41 of 3rd period - Wrist shot by Ben Lovejoy.
6:41 of 3rd period - Stopped by Jonathan Quick with a rebound.
6:51 of 3rd period - Alec Martinez is hit by Brian Gibbons and loses puck.
7:04 of 3rd period - Tyler Toffoli is hit by Rick Nash and loses puck.
8:38 of 3rd period - Icing by Tanner Pearson.
8:39 of 3rd period - Nick Shore wins face-off versus Nico Hischier in Los Angeles Kings zone.
9:03 of 3rd period - Rick Nash is hit by Jake Muzzin and loses puck.
9:27 of 3rd period - Wrist shot by Tanner Pearson.
9:27 of 3rd period - Stopped by Cory Schneider with a rebound.
9:29 of 3rd period - Wrist shot by Jeff Carter.
9:29 of 3rd period - Shot Blocked by Kyle Palmieri.
9:31 of 3rd period - Slapshot by Drew Doughty.
9:31 of 3rd period - Stopped by Cory Schneider with a rebound.
9:49 of 3rd period - Andy Andreoff is hit by Brian Boyle and loses puck.
10:00 of 3rd period - Damon Severson is hit by Kyle Clifford and loses puck.
10:07 of 3rd period - Kyle Clifford is hit by Jesper Bratt and loses puck.
10:24 of 3rd period - Snap shot by Anze Kopitar.
10:24 of 3rd period - Shot Blocked by Adam Henrique.
10:26 of 3rd period - Snap shot by Gustav Forsling.
10:26 of 3rd period - Shot Blocked by Steven Santini.
10:28 of 3rd period - Slapshot by Anze Kopitar.
10:28 of 3rd period - Shot Misses the Net.
10:30 of 3rd period - Slapshot by Gustav Forsling.
10:30 of 3rd period - Stopped by Cory Schneider with a rebound.
10:40 of 3rd period - Snap shot by Kyle Palmieri.
10:40 of 3rd period - Stopped by Jonathan Quick without a rebound.
10:41 of 3rd period - Blake Coleman wins face-off versus Jeff Carter in Los Angeles Kings zone.
10:51 of 3rd period - Off-side.
10:52 of 3rd period - Anze Kopitar wins face-off versus Blake Coleman in neutral zone.
11:26 of 3rd period - Jake Muzzin is hit by Nico Hischier.
11:38 of 3rd period - Snap shot by Trevor Lewis.
11:38 of 3rd period - Shot Blocked by Ryan Pulock.
11:40 of 3rd period - Slapshot by Alec Martinez.
11:40 of 3rd period - Shot Blocked by Ryan Pulock.
11:42 of 3rd period - Slapshot by Alec Martinez.
11:42 of 3rd period - Shot Blocked by Brian Gibbons.
11:44 of 3rd period - Wrist shot by Adrian Kempe.
11:44 of 3rd period - Goal by Adrian Kempe - New Jersey Devils : 0 - Los Angeles Kings : 2.
11:45 of 3rd period - Anze Kopitar wins face-off versus Adam Henrique in neutral zone.
11:52 of 3rd period - Slapshot by Drew Doughty.
11:52 of 3rd period - Shot Misses the Net.
11:54 of 3rd period - Snap shot by Dustin Brown.
11:54 of 3rd period - Shot Blocked by Steven Santini.
11:56 of 3rd period - Slapshot by Jake Muzzin.
11:56 of 3rd period - Deflect By Anze Kopitar.
11:56 of 3rd period - Shot Misses the Net.
11:56 of 3rd period - Puck is out of play.
11:57 of 3rd period - Anze Kopitar wins face-off versus Adam Henrique in New Jersey Devils zone.
12:02 of 3rd period - Wrist shot by Anze Kopitar.
12:02 of 3rd period - Stopped by Cory Schneider with a rebound.
12:04 of 3rd period - Snap shot by Dustin Brown.
12:04 of 3rd period - Stopped by Cory Schneider with a rebound.
12:06 of 3rd period - Snap shot by Anze Kopitar.
12:06 of 3rd period - Stopped by Cory Schneider without a rebound.
12:07 of 3rd period - Adam Henrique wins face-off versus Anze Kopitar in New Jersey Devils zone.
12:16 of 3rd period - Slapshot by Ben Lovejoy.
12:16 of 3rd period - Shot Hit the Post.
12:26 of 3rd period - Wrist shot by Anze Kopitar.
12:26 of 3rd period - Stopped by Cory Schneider with a rebound.
12:28 of 3rd period - Slapshot by Anze Kopitar.
12:28 of 3rd period - Shot Blocked by Ben Lovejoy.
12:30 of 3rd period - Wrist shot by Tyler Toffoli.
12:30 of 3rd period - Stopped by Cory Schneider with a rebound.
12:32 of 3rd period - Slapshot by Tyler Toffoli.
12:32 of 3rd period - Stopped by Cory Schneider without a rebound.
12:33 of 3rd period - Jeff Carter wins face-off versus Blake Coleman in New Jersey Devils zone.
12:34 of 3rd period - Slapshot by Drew Doughty.
12:34 of 3rd period - Deflect By Tanner Pearson.
12:34 of 3rd period - Shot Blocked by Blake Coleman.
12:34 of 3rd period - Puck is out of play.
12:35 of 3rd period - Jeff Carter wins face-off versus Kyle Palmieri in New Jersey Devils zone.
12:40 of 3rd period - Wrist shot by Jeff Carter.
12:40 of 3rd period - Shot Blocked by Benoit Pouliot.
13:00 of 3rd period - Drew Doughty is hit by Brian Gibbons and loses puck.
14:01 of 3rd period - Slapshot by Drew Doughty.
14:01 of 3rd period - Shot Blocked by Kyle Palmieri.
14:09 of 3rd period - Marian Gaborik is hit by Damon Severson and loses puck.
14:20 of 3rd period - Slapshot by Jesper Bratt.
14:20 of 3rd period - Shot Misses the Net.
14:46 of 3rd period - Snap shot by Anze Kopitar.
14:46 of 3rd period - Stopped by Cory Schneider without a rebound.
14:47 of 3rd period - Jeff Carter wins face-off versus Brian Boyle in New Jersey Devils zone.
15:10 of 3rd period - Alec Martinez is hit by Brian Boyle and loses puck.
15:19 of 3rd period - Snap shot by Jeff Carter.
15:19 of 3rd period - Stopped by Cory Schneider without a rebound.
15:20 of 3rd period - Nico Hischier wins face-off versus Adrian Kempe in New Jersey Devils zone.
15:20 of 3rd period - Nico Hischier is hit by Kurtis MacDermid.
15:28 of 3rd period - Wrist shot by Jesper Bratt.
15:28 of 3rd period - Stopped by Jonathan Quick with a rebound.
15:50 of 3rd period - Slapshot by Gustav Forsling.
15:50 of 3rd period - Deflect By Kyle Palmieri.
15:50 of 3rd period - Stopped by Cory Schneider with a rebound.
15:52 of 3rd period - Wrist shot by Jonny Brodzinski.
15:52 of 3rd period - Shot Blocked by Benoit Pouliot.
15:59 of 3rd period - Icing by Damon Severson.
16:00 of 3rd period - Blake Coleman wins face-off versus Adrian Kempe in New Jersey Devils zone.
16:00 of 3rd period - Blake Coleman is hit by Oscar Fantenberg.
16:30 of 3rd period - Snap shot by Anze Kopitar.
16:30 of 3rd period - Stopped by Cory Schneider with a rebound.
16:34 of 3rd period - Wrist shot by Anze Kopitar.
16:34 of 3rd period - Shot Misses the Net.
16:36 of 3rd period - Slapshot by Oscar Fantenberg.
16:36 of 3rd period - Shot Misses the Net.
16:54 of 3rd period - Wrist shot by Adam Henrique.
16:54 of 3rd period - Shot Misses the Net.
19:08 of 3rd period - Icing by Drew Doughty.
19:09 of 3rd period - Adam Henrique wins face-off versus Anze Kopitar in Los Angeles Kings zone.
19:30 of 3rd period - Wrist shot by Trevor Lewis.
19:30 of 3rd period - Goal by Trevor Lewis - New Jersey Devils : 0 - Los Angeles Kings : 3.
19:31 of 3rd period - Blake Coleman wins face-off versus Anze Kopitar in neutral zone.
Goals for this period are 0 for New Jersey Devils vs 3 for Los Angeles Kings.
Shots for this period are 5 for New Jersey Devils vs 19 for Los Angeles Kings.